[Event "Team 45 45 League T46"]
[Site "Internet Chess Club"]
[Date "2010.09.10"]
[Round "6"]
[White "BlackHorse"]
[Black "Fulvio"]
[Result "1-0"]
[WhiteElo "2082"]
[BlackElo "2021"]
[Opening "Giuoco Piano"]
[ECO "C50"]
[Time "13:08:22"]
[TimeControl "2700+45"]

1. e4 e5 2. Nf3 Nc6 3. Bc4 Bc5 4. O-O Nf6 5. d3 d6 6. c3 Be6 7. Bb5 a6 8. Ba4 b5
9. Bc2 Bg4 10. Nbd2 O-O 11. Re1 d5 12. Qe2 d4 13. Nf1 dxc3 14. bxc3 b4 15. Ba4
Nb8 16. Bb2 Bd7 17. Bb3 Qe7 18. d4 bxc3 19. Bxc3 exd4 20. Bxd4 Bg4 21. Bb2 Nc6
22. Rad1 Nd7 23. h3 Bh5 24. Ng3 Bxf3 25. Qxf3 Nde5 26. Qe2 Rad8 27. Bd5 Nb4 28.
Nf5 Qe8 29. Kh1 c6 30. f4 Ned3 31. Rxd3 Nxd3 32. Qxd3 cxd5 33. Nxg7 f6 34. Nxe8
{Black resigns} 1-0

[Event "Team 45 45 League T46"]
[Site "Internet Chess Club"]
[Date "2010.09.14"]
[Round "6"]
[White "martineden"]
[Black "Speedy-Reedy"]
[Result "1-0"]
[WhiteElo "1867"]
[BlackElo "1872"]
[Opening "Benkö gambit: main line"]
[ECO "A58"]
[Time "11:05:26"]
[TimeControl "2700+45"]

1. d4 Nf6 2. c4 c5 3. d5 b5 4. cxb5 a6 5. bxa6 Bxa6 6. Nc3 d6 7. Nf3 g6 8. e4
Bxf1 9. Kxf1 Bg7 10. g3 O-O 11. Kg2 Nbd7 12. Qe2 Qa5 13. Bg5 Rfb8 14. Rhc1 h6
15. Bxf6 Nxf6 16. e5 dxe5 17. Nxe5 Rb7 18. Re1 Re8 19. Rad1 Qa8 20. Nc6 e6 21.
dxe6 Kh7 22. Qf3 fxe6 23. Rd2 Qc8 24. Ne5 Rf8 25. Qd3 Qe8 26. f4 Rb4 27. Rde2
Rd4 28. Qb5 Qa8+ 29. Kg1 Nd5 30. Qxc5 Rdxf4 31. Nxd5 exd5 32. gxf4 Rxf4 33. Qc6
Qa7+ 34. Kh1 Qd4 35. Qxg6+ Kg8 36. Ng4 Qc4 37. Re8+ Rf8 38. Nf6+ {Black resigns}
1-0

[Event "Team 45 45 League T46"]
[Site "Internet Chess Club"]
[Date "2010.09.12"]
[Round "6"]
[White "jorobo"]
[Black "SlimeDog2"]
[Result "1/2-1/2"]
[WhiteElo "2106"]
[BlackElo "2145"]
[Opening "Grünfeld: exchange variation"]
[ECO "D85"]
[Time "15:03:48"]
[TimeControl "2700+45"]

1. c4 Nf6 2. Nc3 d5 3. cxd5 Nxd5 4. d4 g6 5. e4 Nxc3 6. bxc3 Bg7 7. Be3 c5 8.
Qd2 Qa5 9. Rc1 cxd4 10. cxd4 Qxd2+ 11. Kxd2 O-O 12. Bc4 Rd8 13. Ne2 Nc6 14. Rhd1
Bxd4 15. Bxd4 Nxd4 16. Nxd4 Rxd4+ 17. Ke3 {Game drawn by mutual agreement}
1/2-1/2

[Event "Team 45 45 League T46"]
[Site "Internet Chess Club"]
[Date "2010.09.10"]
[Round "6"]
[White "chsrules88"]
[Black "az2112"]
[Result "1-0"]
[WhiteElo "2030"]
[BlackElo "1730"]
[Opening "Pirc: classical, h3 system"]
[ECO "B08"]
[Time "12:30:07"]
[TimeControl "2700+45"]

1. e4 d6 2. d4 Nf6 3. Nc3 g6 4. Nf3 Bg7 5. h3 O-O 6. Bf4 c5 7. dxc5 Qa5 8. e5
dxe5 9. Bxe5 Rd8 10. Bd3 Nc6 11. O-O Nxe5 12. Nxe5 Qxc5 13. Re1 Bf5 14. Qe2 Be6
15. Rad1 Nd5 16. Nxd5 Bxd5 17. b3 e6 18. c4 Bc6 19. Nxc6 Qxc6 20. Be4 Qc7 21.
Qf3 Rxd1 22. Rxd1 Rb8 23. Qd3 b6 24. g3 Bf6 25. Qd7 Qxd7 26. Rxd7 a5 27. Kf1 Rd8
28. Rxd8+ Bxd8 29. Ke2 Be7 30. Kd3 Bc5 31. f4 h6 32. g4 g5 33. f5 exf5 34. Bxf5
Kg7 35. Ke4 Kf6 36. Bc8 Bf2 37. Bb7 Bc5 38. Kd5 Bf2 39. Kd6 Bc5+ 40. Kd5 Bf2 41.
Bc8 Bc5 42. a4 Bf2 43. Kd6 Bc5+ 44. Kd7 Bb4 45. Ke8 Bc5 46. Bb7 Kg6 47. Be4+ Kg7
48. Bd5 f6 49. Kd7 Bb4 50. Be6 Bc5 51. Kc6 Bd4 52. Bf5 Bc5 53. Kb5 Kf7 54. b4
Bxb4 55. Kxb6 Ke7 56. c5 Kd8 57. c6 Bd6 58. Kxa5 Kc7 59. Kb5 Be5 60. Kc5 Bd6+
61. Kd5 Be5 62. Bd7 Kb6 63. Ke6 Kc7 64. Be8 Bc3 65. a5 Bd4 66. a6 Kb6 67. Kd7
Be5 68. a7 Kxa7 69. c7 Bxc7 70. Kxc7 {Black resigns} 1-0

[Event "Team 45 45 League T46"]
[Site "Internet Chess Club"]
[Date "2010.09.12"]
[Round "6"]
[White "Constrictor"]
[Black "Salvatore"]
[Result "1-0"]
[WhiteElo "1732"]
[BlackElo "1652"]
[Opening "Sicilian: Hungarian variation"]
[ECO "B27"]
[Time "19:02:39"]
[TimeControl "2700+45"]

1. Nf3 c5 2. e4 g6 3. d3 Bg7 4. g3 Nf6 5. Bg2 O-O 6. O-O Nc6 7. Nc3 a6 8. a4 e6
9. Bg5 Qb6 10. Qc1 Re8 11. Nd2 h6 12. Nc4 Qc7 13. Bxh6 Bh8 14. Bf4 e5 15. Bg5
Nd4 16. Bxf6 Bxf6 17. Qd2 Qc6 18. Nd5 Bg7 19. Ra3 b5 20. axb5 Nxb5 21. Ra5 Rb8
22. Qg5 Qe6 23. Na3 d6 24. Nxb5 axb5 25. Nc7 Qe7 26. Qxe7 Rxe7 27. Nd5 Reb7 28.
Rfa1 Be6 29. Ra6 Bxd5 30. exd5 Bf8 31. Ra8 c4 32. Rxb8 Rxb8 33. dxc4 bxc4 34.
Rb1 Bg7 35. b3 Bh6 36. Bf1 cxb3 37. Rxb3 Rxb3 38. cxb3 Bd2 39. Kg2 Kf8 40. Kf3
f5 41. h4 Ke7 42. Ke2 Bc3 43. f3 Kd7 44. g4 Kc7 45. gxf5 gxf5 46. h5 Kb6 47. Kf2
Kc5 48. Bc4 Bd2 49. Ke2 Bg5 50. Kd3 Bf4 51. Kc3 Bh6 52. b4+ Kb6 53. Kb3 Bf4 54.
Ka4 Bh6 55. Bd3 f4 56. Kb3 Bg7 57. Kc2 Bh6 58. Kd2 Kc7 59. Ke2 Kb6 60. Kf2 Bg5
61. Kg2 Kc7 62. Kh3 Bh6 63. Kg4 Kd7 64. Kf5 Ke7 65. Kg6 Bf8 66. h6 Bxh6 67. Kxh6
Kf6 68. Be4 Ke7 69. Kg7 Kd7 70. Kf7 Kd8 71. Ke6 Kc7 72. Ke7 {Black resigns} 1-0

[Event "Team 45 45 League T46"]
[Site "Internet Chess Club"]
[Date "2010.09.10"]
[Round "6"]
[White "smsxman"]
[Black "ILRE"]
[Result "1-0"]
[WhiteElo "1525"]
[BlackElo "1527"]
[Opening "Modern defense"]
[ECO "A40"]
[Time "13:00:09"]
[TimeControl "2700+45"]

1. d4 g6 2. Nf3 Bg7 3. Bg5 d6 4. e4 Bg4 5. Nbd2 Bxd4 6. Bc4 Be6 7. Nxd4 Bxc4 8.
Nxc4 c5 9. Nf3 Nc6 10. a3 Nd4 11. Nxd4 d5 12. Nb3 dxc4 13. Qxd8+ Rxd8 14. Nxc5
Nf6 15. Bxf6 exf6 16. Nxb7 Rb8 17. Nd6+ Ke7 18. Nxc4 {Black resigns} 1-0

[Event "Team 45 45 League T46"]
[Site "Internet Chess Club"]
[Date "2010.09.11"]
[Round "6"]
[White "houseofcook"]
[Black "tryanything"]
[Result "1-0"]
[WhiteElo "1410"]
[BlackElo "1518"]
[Opening "Scotch gambit: Dubois-Réti defense"]
[ECO "C55"]
[Time "04:29:29"]
[TimeControl "2700+45"]

1. e4 e5 2. Nf3 Nc6 3. d4 exd4 4. Bc4 Nf6 5. e5 d5 6. Bb5 Ne4 7. Nxd4 Bd7 8.
Bxc6 bxc6 9. O-O Be7 10. f3 Nc5 11. f4 Ne6 12. Be3 Nxd4 13. Qxd4 O-O 14. f5 f6
15. e6 Be8 16. Nc3 c5 17. Qxd5 Qxd5 18. Nxd5 Bd6 19. c4 Bc6 20. Rad1 Rab8 21. b3
a5 22. Rf2 Bxd5 23. Rxd5 Rfd8 24. Bxc5 Bxc5 25. Rxc5 Rd1+ 26. Rf1 Rxf1+ 27. Kxf1
{Black resigns} 1-0

[Event "Team 45 45 League T46"]
[Site "Internet Chess Club"]
[Date "2010.09.13"]
[Round "6"]
[White "ars-felidae"]
[Black "blizzard13"]
[Result "1-0"]
[WhiteElo "1415"]
[BlackElo "1379"]
[Opening "Sicilian: Canal-Sokolsky attack, 3...Bd7"]
[ECO "B52"]
[Time "10:00:15"]
[TimeControl "2700+45"]

1. e4 c5 2. Nf3 d6 3. Bb5+ Bd7 4. Bxd7+ Nxd7 5. Nc3 Ngf6 6. d3 e5 7. Bg5 Be7 8.
O-O h6 9. Be3 Qb6 10. b3 g5 11. a4 a6 12. a5 Qc7 13. Na4 b6 14. b4 bxa5 15. bxc5
Nxc5 16. Nxc5 dxc5 17. Bd2 O-O 18. Bxa5 Qa7 19. Nxe5 Bd6 20. Bc3 Bxe5 21. Bxe5
Qe7 22. Bc3 Rfd8 23. Qf3 Nh7 24. Qe3 f6 25. f4 Rf8 26. fxg5 hxg5 27. Rf5 Kg7 28.
Raf1 Kg6 29. g4 a5 30. e5 Ra6 31. Qe4 Re6 32. Rxf6+ Kg7 33. Qg6+ Kh8 34. Rxe6
Rxf1+ 35. Kxf1 Qf8+ 36. Ke2 Qg7 37. Qh6 Qxh6 38. Rxh6 a4 39. e6+ Kg8 40. e7
{Black resigns} 1-0

[Event "Team 45 45 League T46"]
[Site "Internet Chess Club"]
[Date "2010.09.12"]
[Round "6"]
[White "bigdill"]
[Black "DrOMM"]
[Result "0-1"]
[WhiteElo "880"]
[BlackElo "1337"]
[Opening "Caro-Kann defense"]
[ECO "B12"]
[Time "15:00:21"]
[TimeControl "2700+45"]

1. e4 c6 2. d4 d5 3. Bd3 dxe4 4. Bxe4 Nf6 5. Qe2 Qxd4 6. Nd2 e5 7. c3 Qd8 8. h3
Bd6 9. Nc4 Nxe4 10. Qxe4 Qf6 11. Be3 O-O 12. Rd1 Bc7 13. Nf3 Re8 14. Bg5 Qe6 15.
Bh4 f6 16. Qe3 Qxc4 17. b3 Qf7 18. g4 Nd7 19. O-O Nb6 20. g5 fxg5 21. Nxg5 Qg6
22. Rfe1 Nd5 23. Qe4 Qxe4 24. Nxe4 Bxh3 25. Bf6 Nxf6 26. Ng5 Bg4 27. Ne4 Bxd1
28. Nxf6+ gxf6 29. Rxd1 Rad8 30. Rc1 Rd2 31. Kg2 Bb6 32. Kf3 Rxf2+ 33. Kg4 Rd8
34. Rh1 Rd3 35. Rg1 Rf4+ {White resigns} 0-1

[Event "Team 45 45 League T46"]
[Site "Internet Chess Club"]
[Date "2010.09.11"]
[Round "6"]
[White "krysto"]
[Black "JohLeb"]
[Result "1-0"]
[WhiteElo "1440"]
[BlackElo "1316"]
[Opening "Sicilian: Alapin's variation (2.c3)"]
[ECO "B22"]
[Time "10:11:10"]
[TimeControl "2700+45"]

1. e4 c5 2. c3 d6 3. d4 cxd4 4. cxd4 Nf6 5. Nc3 e6 6. Nf3 a6 7. Bd3 Be7 8. O-O
O-O 9. Bg5 b5 10. a3 Bb7 11. Re1 h6 12. Bh4 Nh7 13. Bxe7 Qxe7 14. Rc1 Nd7 15.
Bb1 Nb6 16. Re2 Rac8 17. Qd3 Nf6 18. e5 Bxf3 19. exf6 {Black resigns} 1-0

[Event "Team 45 45 League T46"]
[Site "Internet Chess Club"]
[Date "2010.09.12"]
[Round "6"]
[White "trickey1872"]
[Black "LeanSixSigma"]
[Result "1-0"]
[WhiteElo "1502"]
[BlackElo "1470"]
[Opening "English: symmetrical variation"]
[ECO "A38"]
[Time "17:00:21"]
[TimeControl "2700+45"]

1. c4 c5 2. g3 g6 3. Bg2 Bg7 4. Nc3 Nc6 5. Nf3 Nf6 6. d3 O-O 7. Bg5 d6 8. O-O
Ng4 9. h3 Nge5 10. Bd2 Nxf3+ 11. exf3 Bf5 12. Be3 Nb4 13. Ne4 Bxb2 14. Bh6 Bxa1
15. Qxa1 e5 16. f4 Bxe4 17. Bxe4 Nc2 18. Qb2 Nd4 19. Qxb7 Rb8 20. Qxa7 Qb6 21.
Qe7 Qd8 22. Qa7 Re8 23. f5 Re7 24. Qa3 Rb3 25. axb3 Ne2+ 26. Kg2 Qb6 27. Qa8+
{Black resigns} 1-0

[Event "Team 45 45 League T46"]
[Site "Internet Chess Club"]
[Date "2010.09.12"]
[Round "6"]
[White "supraholic"]
[Black "CoasterBrake"]
[Result "1-0"]
[WhiteElo "1350"]
[BlackElo "1196"]
[Opening "Caro-Kann defense"]
[ECO "B10"]
[Time "13:31:59"]
[TimeControl "2700+45"]

1. e4 c6 2. Nf3 d6 3. d4 e5 4. c3 Bg4 5. Nbd2 exd4 6. cxd4 Nd7 7. b3 Ngf6 8. Bd3
Qc7 9. Qc2 g6 10. h3 Bxf3 11. Nxf3 Bg7 12. Bb2 O-O-O 13. O-O Rde8 14. d5 c5 15.
Nd2 Ne5 16. Be2 Rhg8 17. f4 Ned7 18. Bf3 h5 19. Rfe1 h4 20. Nc4 Nb6 21. e5 dxe5
22. d6 Qd8 23. fxe5 Nxc4 24. Qxc4 Nd7 25. Qxf7 Qb6 26. Qd5 Qc6 27. Qxc6+ bxc6
28. Bxc6 Ref8 29. Bxd7+ Kxd7 30. Rad1 Ke6 31. d7 Rd8 32. Rd6+ Ke7 33. Rxg6 Kxd7
34. e6+ Ke7 35. Rxg7+ {Black resigns} 1-0

[Event "Team 45 45 League T46"]
[Site "Internet Chess Club"]
[Date "2010.09.13"]
[Round "6"]
[White "BrerRabbit"]
[Black "badmove"]
[Result "0-1"]
[WhiteElo "1582"]
[BlackElo "1720"]
[Opening "English: closed system"]
[ECO "A25"]
[Time "09:02:11"]
[TimeControl "2700+45"]

1. c4 e5 2. g3 Nc6 3. Nc3 g6 4. Bg2 Bg7 5. e4 d6 6. Nge2 Nge7 7. d3 O-O 8. O-O
Nd4 9. Nxd4 exd4 10. Nd5 Nxd5 11. cxd5 c5 12. dxc6 bxc6 13. Bf4 Bb7 14. Qd2 Qd7
15. Rac1 a5 16. b3 c5 17. Rfd1 f5 18. exf5 Rxf5 19. Bxb7 Qxb7 20. Bxd6 Qc6 21.
Bxc5 Rxc5 22. Rxc5 Qxc5 23. Rc1 Qe5 24. Rc4 Re8 25. Kf1 Qd5 26. Kg1 Bh6 27. Qd1
Qe5 28. Kf1 Qd5 29. Kg1 Bf8 30. f3 Bb4 31. Kf2 Re1 32. Qc2 Qe5 33. Rc8+ Kg7 34.
Rc7+ Kh6 35. h4 Qe3+ 36. Kg2 Re2+ 37. Kh3 Rxc2 {White resigns} 0-1

[Event "Team 45 45 League T46"]
[Site "Internet Chess Club"]
[Date "2010.09.10"]
[Round "6"]
[White "dscvdchk"]
[Black "SCUGrad"]
[Result "0-1"]
[WhiteElo "1502"]
[BlackElo "1472"]
[Opening "King's Indian: orthodox, Aronin-Taimanov, bayonet attack"]
[ECO "E97"]
[Time "08:01:11"]
[TimeControl "2700+45"]

1. d4 Nf6 2. c4 g6 3. Nf3 Bg7 4. Nc3 O-O 5. e4 d6 6. Be2 e5 7. O-O Nc6 8. d5 Ne7
9. b4 Nh5 10. Re1 f5 11. Ng5 Nf6 12. f3 c6 13. Be3 h6 14. Ne6 Bxe6 15. dxe6 Qc7
16. Qb3 Rfd8 17. Rad1 Qc8 18. b5 Qxe6 19. Qa3 a6 20. bxc6 bxc6 21. Bb6 Rd7 22.
Kh1 d5 23. cxd5 cxd5 24. Ba5 fxe4 25. fxe4 d4 26. Na4 Nxe4 27. Kg1 Rf8 28. Bf3
Ng5 29. Be2 Qf7 30. Rf1 Qe8 31. Bc4+ Kh7 32. Nc5 Rxf1+ 33. Rxf1 Rd6 34. Nxa6 Rf6
35. Re1 Qc8 36. Be2 Rxa6 37. Bxa6 Qxa6 {White resigns} 0-1

[Event "Team 45 45 League T46"]
[Site "Internet Chess Club"]
[Date "2010.09.13"]
[Round "6"]
[White "AlPearson"]
[Black "chicopee-ed"]
[Result "0-1"]
[WhiteElo "1421"]
[BlackElo "1344"]
[Opening "English, 1...Nf6 (Anglo-Indian defense)"]
[ECO "A15"]
[Time "10:06:22"]
[TimeControl "2700+45"]

1. c4 Nf6 2. g3 c6 3. Bg2 d5 4. cxd5 cxd5 5. Nc3 e5 6. Qb3 Na6 7. Nxd5 Nc5 8.
Nxf6+ Qxf6 9. Qe3 Nd7 10. d4 Bb4+ 11. Bd2 Bxd2+ 12. Kxd2 O-O 13. dxe5 Nxe5 14.
Rc1 Ng4 15. Qf3 Qxb2+ 16. Rc2 Rd8+ 17. Qd3 Rxd3+ 18. exd3 Qb4+ 19. Ke2 Qd4 20.
Nh3 Ne5 21. Be4 Bxh3 22. Rhc1 g6 23. f4 Bg4+ 24. Kd2 Qf2+ 25. Kc3 Rc8+ 26. Kb2
Rxc2+ 27. Rxc2 Qb6+ 28. Ka1 Qd4+ 29. Kb1 Nxd3 30. Bh1 Qg1+ 31. Rc1 Qxc1# {White
checkmated} 0-1

[Event "Team 45 45 League T46"]
[Site "Internet Chess Club"]
[Date "2010.09.12"]
[Round "6"]
[White "vishnugupta"]
[Black "AtomicDog"]
[Result "0-1"]
[WhiteElo "1239"]
[BlackElo "1564"]
[Opening "Sicilian: closed"]
[ECO "B23"]
[Time "11:14:30"]
[TimeControl "2700+45"]

1. e4 c5 2. Nc3 Nf6 3. e5 Ng8 4. Nf3 Nc6 5. Bc4 e6 6. O-O d5 7. exd6 Bxd6 8. d4
cxd4 9. Nxd4 Qh4 10. f4 Bc5 11. Nb5 Qd8 12. c3 a6 13. Na3 b5 14. Bb3 Nxd4 15.
cxd4 Bxd4+ 16. Kh1 Bb7 17. Nc2 Bb6 18. Be3 Bxe3 19. Nxe3 Nf6 20. Bc2 Qb6 21. Qe2
O-O 22. Ng4 Nxg4 23. Qxg4 f5 24. Qe2 Rf6 25. Rae1 Rg6 26. Rf2 Kh8 27. h4 Rh6 28.
h5 g6 29. Kg1 gxh5 30. Bb3 Be4 31. Bc2 Bxc2 32. Qxc2 h4 33. Kh2 Rg8 34. Rfe2 Qd4
35. Qc3 Qxc3 36. bxc3 Rgg6 37. Re5 Kg7 38. R1e2 Kf7 39. Rc5 Rg4 40. Rf2 Kg6 41.
Rc6 Kf6 42. Rxa6 Rhg6 43. Rb6 h3 44. gxh3 Rg3 45. Rxb5 Rxc3 46. Rb3 Rgg3 47.
Rxc3 Rxc3 48. h4 Ke7 49. Kg2 h5 50. Re2 Rd3 51. Kf2 Rh3 52. Re3 Rxh4 53. a4
Rxf4+ 54. Ke2 Rxa4 55. Rh3 Re4+ 56. Kd3 h4 57. Rh1 Rg4 58. Rh3 Rg3+ {White
resigns} 0-1

[Event "Team 45 45 League T46"]
[Site "Internet Chess Club"]
[Date "2010.09.10"]
[Round "6"]
[White "kid6988"]
[Black "zigzag2002"]
[Result "0-1"]
[WhiteElo "1394"]
[BlackElo "1610"]
[Opening "Sicilian: Labourdonnais-Löwenthal variation"]
[ECO "B32"]
[Time "18:02:02"]
[TimeControl "2700+45"]

1. e4 c5 2. Nf3 Nc6 3. d4 cxd4 4. Nxd4 e5 5. Nb3 Nf6 6. Bd3 d5 7. exd5 Nxd5 8.
Be4 Be6 9. O-O Be7 10. Nc3 Nxc3 11. bxc3 O-O 12. Qh5 f5 13. Bxc6 bxc6 14. Rd1
Qe8 15. Qxe8 Rfxe8 16. f4 e4 17. Be3 Bf6 18. Bd4 Bxb3 19. axb3 e3 20. Bxf6 gxf6
21. Rd7 Red8 22. Re7 Re8 23. Rd7 Rad8 24. Rxd8 Rxd8 25. Re1 Rd2 26. Rxe3 Rxc2
27. c4 Kf7 28. Rd3 Re2 29. Rd7+ Re7 30. Rxe7+ Kxe7 31. Kf2 Kd6 32. b4 a6 33. Ke3
c5 34. bxc5+ Kxc5 35. Kd3 a5 36. Kc3 a4 37. g3 a3 38. Kb3 a2 39. Kxa2 Kxc4 40.
Ka3 Kd3 41. Kb4 Kd4 42. Kb3 h6 43. Kb4 h5 44. Kb3 Ke3 45. Kc4 Kf2 46. Kd5 Kg2
47. Ke6 Kxh2 48. Kxf6 Kxg3 49. Kxf5 h4 50. Kg5 h3 51. f5 h2 52. f6 h1=Q 53. f7
Qh8 54. Kg6 Qf8 55. Kf6 Kf4 56. Kg6 Ke5 57. Kg5 Qxf7 {White resigns} 0-1

[Event "Team 45 45 League T46"]
[Site "Internet Chess Club"]
[Date "2010.09.12"]
[Round "6"]
[White "cazj"]
[Black "kingsleywang"]
[Result "1-0"]
[WhiteElo "1368"]
[BlackElo "1131"]
[Opening "Giuoco Pianissimo"]
[ECO "C50"]
[Time "15:30:23"]
[TimeControl "2700+45"]

1. e4 e5 2. Nf3 Nc6 3. Bc4 Bc5 4. d3 h6 5. Nc3 Nf6 6. Qe2 O-O 7. b3 d6 8. Be3
Bb4 9. Qd2 Na5 10. h3 Nxc4 11. bxc4 Bc5 12. Bxc5 dxc5 13. Nxe5 Re8 14. Nf3 Qe7
15. O-O b6 16. e5 Nd7 17. Nd5 Qe6 18. Nxc7 Qe7 19. Nxa8 Nxe5 20. Nxe5 Bb7 21.
Nxb6 axb6 22. Rfe1 Qc7 23. Ng4 Qc8 24. Rxe8+ Qxe8 25. Re1 Qa8 26. f3 Qxa2 27.
Nxh6+ gxh6 28. Qxh6 Qa8 29. Qf6 Qf8 30. Re5 Ba6 31. Rg5+ Kh7 32. Rh5+ Kg8 33.
Rh8# {Black checkmated} 1-0

[Event "Team 45 45 League T46"]
[Site "Internet Chess Club"]
[Date "2010.09.11"]
[Round "6"]
[White "Deadly-Spike"]
[Black "baseball613"]
[Result "0-1"]
[WhiteElo "1584"]
[BlackElo "1313"]
[Opening "Caro-Kann: Steinitz variation"]
[ECO "B17"]
[Time "20:30:25"]
[TimeControl "2700+45"]

1. e4 c6 2. d4 d5 3. Nc3 dxe4 4. Nxe4 Nd7 5. Nf3 Ngf6 6. Ng3 e6 7. c3 c5 8. Bd3
Qb6 9. O-O Bd6 10. Bc2 O-O 11. b3 Qc7 12. Be3 b6 13. dxc5 Nxc5 14. c4 Bb7 15.
Nd4 Nce4 16. Nb5 Qb8 17. Nxd6 Qxd6 18. Qxd6 Nxd6 19. Bd4 Nde4 20. Nxe4 Nxe4 21.
Rfe1 Nf6 22. Bxf6 gxf6 23. Re3 Rfd8 24. Rh3 f5 25. Rd1 Rxd1+ 26. Bxd1 Rd8 27.
Bc2 Rd2 28. Rc3 Be4 29. Kf1 Rxc2 30. Rxc2 Bxc2 31. Ke2 a5 32. Kd2 Bb1 33. a3 Ba2
34. Kc3 Bb1 35. b4 axb4+ 36. axb4 Be4 37. f3 Ba8 38. c5 bxc5 39. bxc5 Kg7 40.
Kd4 Kf6 41. h4 e5+ 42. Kc4 e4 43. fxe4 fxe4 44. Kd4 Kf5 45. Ke3 Kg4 46. Kf2 Kxh4
47. c6 Bxc6 48. Kf1 e3 {White resigns} 0-1

[Event "Team 45 45 League T46"]
[Site "Internet Chess Club"]
[Date "2010.09.10"]
[Round "6"]
[White "kabubi"]
[Black "sere"]
[Result "1-0"]
[WhiteElo "1207"]
[BlackElo "1180"]
[Opening "Sicilian defense"]
[ECO "B20"]
[Time "11:29:04"]
[TimeControl "2700+45"]

1. e4 c5 2. d3 Nf6 3. Nd2 Nc6 4. c3 d5 5. g3 dxe4 6. dxe4 Bg4 7. Ngf3 Bxf3 8.
Qxf3 e5 9. Bb5 Bd6 10. Bxc6+ bxc6 11. Nc4 Bc7 12. O-O O-O 13. Be3 Qe7 14. Bg5
Qe6 15. b3 Ng4 16. h3 Nh6 17. g4 Rab8 18. Kh1 Kh8 19. Rad1 Ng8 20. Rd2 f6 21.
Bh4 Rfd8 22. Rfd1 Rxd2 23. Rxd2 Ne7 24. Qe3 Ng6 25. Bg3 Qe7 26. f3 Rd8 27. Rxd8+
Qxd8 28. Qe2 Ne7 29. Bf2 Bb6 30. a3 Ng6 31. Bg3 Ne7 32. Bf2 Qd7 33. Qd2 Qxd2 34.
Nxd2 Ba5 35. b4 cxb4 36. axb4 Bb6 37. Bxb6 axb6 38. Nc4 b5 39. Nd6 Kg8 40. c4
Nc8 41. Nxc8 bxc4 42. Ne7+ Kf7 43. Nxc6 c3 44. Na5 c2 45. Nb3 Ke6 46. Kg1 Kd6
47. Kf1 Kc6 48. Ke1 Kb5 49. Kd2 Kxb4 50. Kxc2 Kc4 51. Nd2+ Kd4 52. Nf1 Kc4 53.
Ng3 Kd4 54. Nf1 Kc4 55. h4 Kd4 56. Kd2 Kc4 57. Ne3+ Kd4 58. Nf5+ Kc4 59. Nxg7
Kb3 60. Nh5 f5 61. gxf5 Kc4 62. f6 Kd4 63. f7 h6 64. Nf6 {Black resigns} 1-0

[Event "Team 45 45 League T46"]
[Site "Internet Chess Club"]
[Date "2010.09.12"]
[Round "6"]
[White "wekabird"]
[Black "SeniorCitizen"]
[Result "1-0"]
[WhiteElo "1162"]
[BlackElo "1266"]
[Opening "English: symmetrical variation"]
[ECO "A34"]
[Time "04:00:17"]
[TimeControl "2700+45"]

1. c4 c5 2. Nc3 e5 3. e4 Nf6 4. h3 Be7 5. Nf3 d6 6. g3 O-O 7. Bg2 Bd7 8. O-O Qc8
9. Kh2 Bc6 10. d3 Nbd7 11. Bg5 a6 12. a4 b5 13. cxb5 axb5 14. a5 b4 15. Bxf6
Nxf6 16. Ne2 Bb5 17. b3 Bd8 18. Re1 Rxa5 19. Rxa5 Bxa5 20. Qc2 Bb6 21. Nd2 Qa6
22. Nc4 Bxc4 23. dxc4 Ra8 24. Qb2 Qa2 25. Ra1 Qxa1 26. Qd2 Bc7 27. f4 Rd8 28.
Nc1 Qd4 29. Qa2 Kf8 30. Qa7 Rd7 31. Qa8+ Ne8 32. fxe5 Qxe5 33. Ne2 Qb2 34. Qc6
Qf6 35. Qxd7 Qc3 36. Nf4 Qxb3 37. Nd5 Qxc4 38. Qe7+ {Black resigns} 1-0

[Event "Team 45 45 League T46"]
[Site "Internet Chess Club"]
[Date "2010.09.10"]
[Round "6"]
[White "lawth3"]
[Black "guyd52"]
[Result "0-1"]
[WhiteElo "1019"]
[BlackElo "1226"]
[Opening "QGD Slav: 3.Nf3"]
[ECO "D11"]
[Time "18:00:26"]
[TimeControl "2700+45"]

1. d4 d5 2. c4 c6 3. Nf3 Nf6 4. Bf4 dxc4 5. Nc3 b5 6. e3 Nbd7 7. Be2 Nd5 8. Ne4
Nxf4 9. exf4 e6 10. a4 Bb4+ 11. Nc3 Nf6 12. O-O Nd5 13. Qc1 Qd6 14. g3 a6 15.
axb5 cxb5 16. Nxb5 Qc6 17. Na3 c3 18. bxc3 Bxc3 19. Rb1 Bb7 20. Bc4 Bb4 21. Bxd5
Qxd5 22. Rxb4 Qxf3 23. Rxb7 Qxb7 24. Re1 O-O 25. Re5 Qb4 26. Nc2 Qa4 27. Qd1
Rac8 28. Ne3 Qxd1+ 29. Nxd1 Rc1 30. Re1 Rd8 31. Kf1 Rxd4 32. Re5 Rdxd1+ 33. Kg2
Rd5 34. Re4 Ra1 35. Rc4 g6 36. h4 a5 37. f3 Rd2+ 38. Kh3 Raa2 39. Kg4 h5+ 40.
Kg5 Kg7 41. f5 f6+ 42. Kf4 exf5 43. Rc7+ Kh6 44. Rc8 Ra3 45. Rc6 Rd4# {White
checkmated} 0-1

[Event "Team 45 45 League T46"]
[Site "Internet Chess Club"]
[Date "2010.09.10"]
[Round "6"]
[White "hcarstens"]
[Black "Cicero"]
[Result "1-0"]
[WhiteElo "1292"]
[BlackElo "1295"]
[Opening "Blackmar gambit"]
[ECO "B01"]
[Time "17:00:09"]
[TimeControl "2700+45"]

1. e4 d5 2. d4 dxe4 3. Bc4 Bf5 4. Nc3 c6 5. Nge2 e6 6. Ng3 Bg6 7. Ncxe4 e5 8. c3
exd4 9. O-O Nf6 10. Bg5 Be7 11. Nxf6+ gxf6 12. Bh6 dxc3 13. Qxd8+ Bxd8 14. Rfe1+
Be7 15. Bg7 Nd7 16. bxc3 Rg8 17. Bh6 O-O-O 18. Rxe7 Nb6 19. Bxf7 Nd5 20. Bxg8
Nxe7 21. Be6+ Kb8 22. Bf4+ Ka8 23. h3 Bc2 24. Nh5 Nd5 25. Bxd5 Rxd5 26. Nxf6 Rf5
27. Re1 b6 28. Nxh7 Rxf4 29. g4 Bxh7 30. Kg2 Be4+ 31. Kg3 Rf3+ 32. Kh4 Bd5 33.
Re2 Rxc3 34. f4 Rc5 35. f5 Rc4 36. f6 Rf4 37. Kg5 Rf3 38. h4 c5 39. h5 Bc4 40.
Re7 Bxa2 41. Kg6 Bb1+ 42. Kg5 Ba2 43. h6 Bb1 44. f7 Rxf7 45. Rxf7 c4 46. h7 Bxh7
47. Rxh7 b5 48. Kf4 c3 49. Rc7 b4 50. g5 Kb8 51. Rc4 a5 52. g6 Ka7 53. g7 c2 54.
Rxc2 b3 55. Rb2 a4 56. g8=Q a3 57. Rxb3 a2 58. Ra3+ Kb6 59. Rxa2 Kb5 60. Rc2 Kb4
61. Qb8+ Ka3 62. Rc7 Ka4 63. Ra7# {Black checkmated} 1-0

[Event "Team 45 45 League T46"]
[Site "Internet Chess Club"]
[Date "2010.09.12"]
[Round "6"]
[White "Graybeard"]
[Black "WilmaP"]
[Result "0-1"]
[WhiteElo "1143"]
[BlackElo "1160"]
[Opening "French: Winawer, advance, 5.a3"]
[ECO "C17"]
[Time "14:30:18"]
[TimeControl "2700+45"]

1. e4 e6 2. d4 d5 3. Nc3 Bb4 4. e5 c5 5. a3 Ba5 6. b4 cxb4 7. Nb5 bxa3+ 8. c3
Bxc3+ 9. Nxc3 Nc6 10. Bxa3 a6 11. Nf3 Bd7 12. Be2 b5 13. Rb1 Qa5 14. Rb3 b4 15.
Bb2 bxc3 16. Bxc3 Qd8 17. Ra3 Nb8 18. O-O Ne7 19. Ba5 Qc8 20. Bb4 Nbc6 21. Qc1
Nxb4 22. Qxc8+ Bxc8 23. Ra4 a5 24. Bb5+ Nbc6 25. h3 O-O 26. Bxc6 Nxc6 27. Rc1
Bd7 28. Ra3 h6 29. Nd2 Nxd4 30. Kf1 Bb5+ 31. Ke1 Rac8 32. Rxc8 Rxc8 33. f3 Nc2+
34. Kd1 Nxa3 35. Nb3 Ba4 {White resigns} 0-1

[Event "Team 45 45 League T46"]
[Site "Internet Chess Club"]
[Date "2010.09.13"]
[Round "6"]
[White "seattleblues"]
[Black "dabodhi"]
[Result "1-0"]
[WhiteElo "1276"]
[BlackElo "1174"]
[Opening "Caro-Kann: classical variation"]
[ECO "B18"]
[Time "21:00:36"]
[TimeControl "2700+45"]

1. e4 c6 2. d4 d5 3. Nc3 dxe4 4. Nxe4 Bf5 5. Ng3 Bg6 6. Nf3 e6 7. h4 h6 8. Be3
Nf6 9. Be2 Nbd7 10. Qd2 Nd5 11. O-O-O Qb6 12. c3 a5 13. Ne5 Bh7 14. Bd3 Nxc3 15.
Qxc3 Bb4 16. Qc2 a4 17. Bxh7 Rxh7 18. Qxh7 c5 19. Nxd7 Qb5 20. dxc5 Bc3 21. bxc3
a3 22. Qc2 Ra4 23. Rd2 Rc4 24. Nb6 Rxc5 25. Bxc5 Qxc5 26. Na4 Qc6 27. Rhd1 b5
28. Rd8+ Ke7 29. Nf5+ Kf6 30. Nd4 Qxg2 31. Nxb5 Qc6 32. Nd4 Qc7 33. Nxe6 Kxe6
34. Re1+ Kf6 35. Rd4 Qb7 36. Rf4# {Black checkmated} 1-0